 Dungeon Crawl Stone Soup version 0.27-a0-819-g058290f16d (webtiles) character file.

Game seed: 7661028593317780117

889 jestyr24 the Magician (level 8, -1/55 HPs)
             Began as a Djinni Fire Elementalist on Mar 29, 2021.
             Slain by a hornet (7 damage)
             ... on level 5 of the Dungeon.
             The game lasted 00:23:21 (4396 turns).

jestyr24 the Magician (Djinni Fire Elementalist)    Turns: 4396, Time: 00:23:22

Health: -1/55      AC:  4    Str:  8    XL:     8   Next: 6%
Gold:   108        EV: 13    Int: 20    God:
                   SH:  6    Dex: 15

rFire    + + .     SeeInvis .   x - +2 hand axe (flame)
rCold    x . .     Faith    .   g - +2 buckler
rNeg     . . .     Spirit   .   a - +0 robe
rPois    ∞         Reflect  .   (no helmet)
rElec    .         Harm     .   h - +0 cloak
rCorr    .         Rampage  .   (no gloves)
Will     .....                  (boots unavailable)
Stlth    ++........             (no amulet)
HPRegen  0.18/turn              u - ring of the Octopus King {Wiz AC+1 EV+1 Str+1 Int+1 Dex+1}
MPRegen  0.00/turn              (no ring)

@: flying
A: fire resistance 2, cold vulnerability 1, float, innate caster, hp casting,
extra vitality 1
a: no special abilities


You were on level 5 of the Dungeon.
You visited 1 branch of the dungeon, and saw 5 of its levels.

You collected 108 gold pieces.

Inventory:

Hand Weapons
 b - a +0 dagger
 s - a +0 long sword
 x - a +2 hand axe of flaming (weapon)
Missiles
 c - 3 javelins
 q - 8 atropa-tipped darts
Armour
 a - a +0 robe (worn)
 g - a +2 buckler (worn)
 h - a +0 cloak (worn)
Jewellery
 u - a ring of the Octopus King (left hand) {Wiz AC+1 EV+1 Str+1 Int+1 Dex+1}
   (You found it on level 4 of the Dungeon)

   [ring of wizardry]

   It improves your spell success rate.
   It affects your AC (+1).
   It affects your evasion (+1).
   It affects your strength (+1).
   It affects your intelligence (+1).
   It affects your dexterity (+1).
Wands
 p - a wand of polymorph (3)
Scrolls
 e - a scroll of magic mapping
 f - a scroll of blinking
 m - a scroll of teleportation
Potions
 d - 3 potions of heal wounds
 i - 2 potions of curing {unknown}
 j - a potion of flight {unknown}
 l - 2 potions of cancellation {unknown}
 n - a potion of degeneration {unknown}
 w - 2 potions of haste {unknown}


   Skills:
 * Level 2.7 Fighting
 - Level 2.3 Dodging
 - Level 1.7 Stealth
 * Level 2.4 Shields
 * Level 7.1 Spellcasting


You couldn't memorise any spells.
You knew the following spells:

 Your Spells              Type           Power      Damage    Failure   Level
a - Foxfire               Conj/Fire      100%       2x1d9     1%          1
b - Conjure Flame         Conj/Fire      35%        6-21      1%          3
c - Inner Flame           Hex/Fire       35%        N/A       1%          3
d - Sticky Flame          Conj/Fire      35%        2d5       2%          4
e - Fireball              Conj/Fire      17%        3d9       7%          5
f - Magic Dart            Conj           100%       1d8       1%          1
g - Poisonous Vapours     Pois/Air       70%        N/A       1%          2
h - Summon Guardian Gole  Hex/Summ       35%        N/A       1%          3
Your spell library was empty.

Dungeon Overview and Level Annotations

Branches:
Dungeon (5/15)
 Temple: D:4-7

Altars:
Dithmenos
Sif Muna
Vehumet


Innate Abilities, Weirdness & Mutations

You are immune to poison.
Your flesh is very heat resistant. (rF++)
You are vulnerable to cold. (rC-)
You float through the air rather than walking.
You learn spells naturally, not from books.
Your magical power is your life essence.
You have superior vitality. (+4 HP)


Message History

You feel agile.
Casting: Foxfire (safe; 1% risk of failure)
Confirm with . or Enter, or press ? or * to list all spells.
You conjure some foxfire!
The hornet barely misses you. The hornet stings you!
You completely miss the hornet.
The hornet is lightly wounded.
The foxfire hits the hornet!
The hornet is moderately wounded.
The foxfire hits the hornet.
The hornet is heavily wounded.
The hornet misses you. You block the hornet's attack.
Casting: Foxfire (safe; 1% risk of failure)
Confirm with . or Enter, or press ? or * to list all spells.
You conjure some foxfire!
The hornet stings you!
You closely miss the hornet.
The hornet is heavily wounded.
The foxfire hits the hornet.
The hornet is heavily wounded.
The foxfire hits the hornet.
The hornet is heavily wounded.
The hornet completely misses you. The hornet barely misses you.
Casting: Foxfire (safe; 1% risk of failure)
Confirm with . or Enter, or press ? or * to list all spells.
You conjure some foxfire!
The hornet stings you.
* * * LOW HITPOINT WARNING * * *
The hornet closely misses you.
You hit the hornet but do no damage.
The hornet is heavily wounded.
The foxfire hits the hornet.
The hornet is severely wounded.
The foxfire hits the hornet.
The hornet is severely wounded.
The hornet barely misses you. The hornet stings you!
* * * LOW HITPOINT WARNING * * *
Casting: Foxfire (safe; 1% risk of failure)
Confirm with . or Enter, or press ? or * to list all spells.
You conjure some foxfire!
* * * LOW HITPOINT WARNING * * *
You block the hornet's attack. The hornet stings you!
You die...

,****** ,**,,,*
,**,*,*** ,,,,*,,,*
,,*****,** *,,,,,,,,*
***,,,**,*###*###
,,,,,,,,,,#...#v#####
###..#,*,*#_..'.@v..#
......,,,*#...##y##.#
###..#,*,*###**#.#*,*
*,,*,**,** **.##*,*
*,,*,***,***,#* *,*
*,,*,* **,,,** *,*
***,,*,*****,*** *,*
,,,,,,,,,,,,,,,* *,*
****,,*,,,,,,,,* *,*


You could see a hornet (ally target).

Vanquished Creatures
  Grinder (D:3)
  2 ice beasts
  A phantom (D:5)
  A scorpion (D:4)
  A howler monkey (D:4)
  A hound (D:2)
  4 orc wizards
  Ijyb (D:3)
  3 gnolls
  4 adders
  An adder skeleton (D:4)
  3 worms (D:2)
  3 dart slugs
  8 orcs
  3 ball pythons
  8 endoplasms
  3 giant cockroaches
  10 hobgoblins
  4 jackals
  7 kobolds
  3 bats
  6 frilled lizards
  12 goblins
  6 rats
96 creatures vanquished.

Vanquished Creatures (others)
  248 foxfires
248 creatures vanquished.

Grand Total: 344 creatures vanquished

Notes
Turn   | Place    | Note
-------+----------+-------------------------------------------
     0 | D:1      | jestyr24 the Djinni Fire Elementalist began the quest for
                  | the Orb.
     0 | D:1      | Reached XP level 1. HP: 15/15 MP: 0/0
   246 | D:1      | Reached skill level 3 in Spellcasting
   280 | D:1      | Reached XP level 2. HP: 20/21 MP: 0/0
  1189 | D:2      | Reached XP level 3. HP: 23/26 MP: 0/0
  1189 | D:2      | Learned a level 1 spell: Magic Dart
  1735 | D:2      | Found a faded altar of an unknown god.
  1755 | D:2      | Reached skill level 1 in Fighting
  1755 | D:2      | Reached XP level 4. HP: 27/32 MP: 0/0
  1828 | D:2      | Reached skill level 4 in Spellcasting
  2126 | D:2      | Reached XP level 5. HP: 22/37 MP: 0/0
  2126 | D:2      | Learned a level 2 spell: Poisonous Vapours
  2253 | D:3      | Reached skill level 1 in Shields
  2668 | D:3      | Noticed Grinder
  2682 | D:3      | Killed Grinder
  2683 | D:3      | Reached skill level 5 in Spellcasting
  2683 | D:3      | Reached XP level 6. HP: 36/43 MP: 0/0
  2838 | D:3      | Noticed Ijyb
  2883 | D:3      | Killed Ijyb
  3287 | D:4      | Reached XP level 7. HP: 36/49 MP: 0/0
  3287 | D:4      | Learned a level 3 spell: Summon Guardian Golem
  3454 | D:4      | Reached skill level 6 in Spellcasting
  3590 | D:4      | Found the ring of the Octopus King
  3593 | D:4      | Identified a ring of the Octopus King {Wiz AC+1 EV+1 Str+1
                  | Int+1 Dex+1}
  4222 | D:5      | Entered Level 5 of the Dungeon
  4380 | D:5      | Found a shadowy altar of Dithmenos.
  4386 | D:5      | Noticed a hornet
  4390 | D:5      | Reached skill level 7 in Spellcasting
  4390 | D:5      | Reached XP level 8. HP: 41/55 MP: 0/0
  4396 | D:5      | Slain by a hornet

Illustrated notes

Levels and vault maps discovered:
D:1:      minmay_arrival_four_loops, layout_basic
D:2:      layout_loops_ring, vehumet_crystals, nicolae_sif_muna_little_library,
          chequers_ecumenical_altar_island
D:3:      layout_basic, nrook_loot_triangle, uniq_grinder, uniq_ijyb
D:4:      layout_basic
D:5:      lemuel_ratsnest, layout_loops_ring, grunt_dithmenos_shadows

Skill      XL: |  1  2  3  4  5  6  7 |
---------------+----------------------+-----
Spellcasting   | 3 4 5 7 |  7.1
Fighting       | 1 2 |  2.7
Shields        | 1 2 |  2.4
Dodging        | |  2.3
Stealth        | |  1.7

Action                   |  1- 3 |  4- 6 |  7- 9 || total
-------------------------+-------+-------+-------++-------
Melee: Dagger            |     6 |     2 |     6 ||    14
       Hand axe          |       |       |     9 ||     9
 Cast: Foxfire           |    51 |    59 |    33 ||   143
       Magic Dart        |       |     8 |     2 ||    10
       Inner Flame       |       |       |    14 ||    14
       Summon Guardian G |       |       |     2 ||     2
  Use: Scroll            |       |       |     8 ||     8
Armor: Robe              |     2 |     2 |     4 ||     8
       Skin              |       |     4 |       ||     4
Dodge: Dodged            |     1 |    23 |    13 ||    37
Block: Buckler           |     3 |     8 |    11 ||    22

Table legend: (Time is in decaauts)
 A = Elapsed time spent in this place.
 B = Non-inter-level travel time spent in this place.
 C = Inter-level travel time spent in this place.
 D = Time resting spent in this place.
 E = Time spent auto-exploring this place.
 F = Levels seen in this place.
 G = Mean time per level.
                   A        B        C        D        E       F      G
               +--------+--------+--------+--------+--------+-----+--------+
         Total |   4398 |   4311 |     87 |    764 |   2429 |   5 |  879.6 |
       Dungeon |   4398 |   4311 |     87 |    764 |   2429 |   5 |  879.6 |
               +--------+--------+--------+--------+--------+-----+--------+

Top non-repeatable levels by time:
     D:1: 1179 daAuts
     D:4: 1074 daAuts
     D:2: 1060 daAuts
     D:3: 907 daAuts
     D:5: 176 daAuts
